 Dungeon Crawl Stone Soup version 0.20.1-1-g8b1a95d (webtiles) character file.

28 con220 the Conjurer (level 3, -2/26 HPs)
             Began as a Draconian Conjurer on Nov 7, 2017.
             Slain by Natasha (7 damage)
             ... on level 2 of the Dungeon.
             The game lasted 00:06:31 (1375 turns).

con220 the Conjurer (Draconian Conjurer)            Turns: 1375, Time: 00:06:31

Health: -2/26      AC:  5    Str: 10    XL:     3   Next: 0%
Magic:  6/6        EV: 12    Int: 16    God:
Gold:   46         SH:  0    Dex: 11    Spells: 5/6 levels left

rFire    . . .     SeeInvis .   g - +0 dagger
rCold    . . .     Gourm    .   (no shield)
rNeg     . . .     Faith    .   (armour unavailable)
rPois    .         Spirit   .   (helmet restricted)
rElec    .         Reflect  .   (no cloak)
rCorr    .         Harm     .   (no gloves)
MR       .....                  (no boots)
Stlth    ++........             (no amulet)
Regen    0.1/turn               (no ring)
MPRegen  0.1/turn               (no ring)

@: slowed, very slow
A: unfitting armour, cold-blooded, AC +5
a: no special abilities


You were on level 2 of the Dungeon.
You were not hungry.

You visited 1 branch of the dungeon, and saw 2 of its levels.

You collected 46 gold pieces.

Inventory:

Hand Weapons
 d - a +0 dagger
 e - a +0 whip
 g - a +0 dagger (weapon)
Jewellery
 j - a +3 ring of evasion {unknown}
Scrolls
 b - a scroll of teleportation {unknown}
 h - a scroll of magic mapping {unknown}
Potions
 c - 2 potions of brilliance {unknown}
 i - 2 potions of lignification {unknown}
 k - a potion of curing {unknown}
Books
 a - a book of Conjurations

   Spells                             Type                      Level
   a - Magic Dart                     Conjuration                  1
   b - Searing Ray                    Conjuration                  2
   c - Dazzling Spray                 Conjuration/Hexes            3
   d - Fulminant Prism                Conjuration/Hexes            4
   e - Force Lance                    Conjuration/Translocation    4
   f - Iskenderun's Mystic Blast      Conjuration                  4
Comestibles
 f - a meat ration


   Skills:
 * Level 0.2 Fighting
 * Level 0.6 Short Blades
 * Level 1.8 Dodging
 - Level 1.8 Stealth
 - Level 0.2 Unarmed Combat
 + Level 2.2 Spellcasting
 + Level 4.5 Conjurations


You had 5 spell levels left.
You knew the following spells:

 Your Spells              Type           Power        Failure   Level  Hunger
a - Magic Dart            Conj           ###.         3%          1    #......


Dungeon Overview and Level Annotations

Branches:
Dungeon (2/15)

Altars:

Annotations:
D:2 Natasha


Innate Abilities, Weirdness & Mutations

Your plain brown scales are hard. (AC +5)
You cannot fit into any form of body armour.
You are cold-blooded and may be slowed by cold attacks.


Message History

The crimson imp disappears in a puff of smoke!
Natasha casts a spell.
The shadow imp sputters.
Natasha casts a spell.
Natasha barely misses you. Natasha claws you but does no damage.
The crimson imp blinks!
Natasha claws you.
The gnoll shouts!
The shadow imp barely misses you. Natasha misses you.
The shadow imp barely misses you.
Natasha stares at you and mumbles some strange words.
You feel as though you will be slow longer.
The shadow imp gestures at you. Pain shoots through your body!
* * * LOW HITPOINT WARNING * * *
Natasha casts a spell at you. You resist with significant effort.
The shadow imp disappears in a puff of smoke!
The gnoll closely misses you. Natasha claws you!
You die...

############
#..........#
#..........# ######
####..........# #....#
#.............###
#....###hg§.............
#......@gg5.............
#.......................
#..........#########....
#..........# ##...
######....###...# #...
#<.................#
.....
##############.#...#
...... ......# ...(.
......# ....


You could see Natasha, 3 gnolls and a crimson imp.

Vanquished Creatures
  2 oozes (D:1)
  A ball python (D:1)
  3 bats (D:1)
  3 goblins (D:1)
  A hobgoblin (D:1)
  2 frilled lizards
  5 kobolds (D:1)
  6 rats (D:1)
23 creatures vanquished.

Notes
Turn   | Place    | Note
-------+----------+-------------------------------------------
     0 | D:1      | con220 the Draconian Conjurer began the quest for the Orb.
     0 | D:1      | Reached XP level 1. HP: 14/14 MP: 3/3
   106 | D:1      | Reached XP level 2. HP: 14/20 MP: 1/5
   238 | D:1      | You fall through a shaft!
  1312 | D:2      | Reached XP level 3. HP: 26/26 MP: 4/6
  1336 | D:2      | Noticed Natasha
  1375 | D:2      | Slain by Natasha

Action                   || total
-------------------------++-------
Melee: Unarmed           ||    10
       Tailslap          ||     3
       Dagger            ||     6
 Cast: Magic Dart        ||    37
  Eat: Bread ration      ||     1
Armor: Skin              ||    11
Dodge: Dodged            ||    21
